 Dungeon Crawl Stone Soup version 0.30-a0-347-gf58ed5266c (webtiles) character file.

Game seed: 16878147603813465363

125 p00ps00p the Trooper (level 5, -1/47 HPs)
             Began as a Hill Orc Fighter on Nov 7, 2022.
             Killed from afar by an orc wizard (3 damage)
             ... with a magic dart
             ... on level 3 of the Dungeon.
             The game lasted 00:03:45 (2193 turns).

p00ps00p the Trooper (Hill Orc Fighter)             Turns: 2193, Time: 00:03:46

Health: -1/47      AC:  8    Str: 21    XL:     5   Next: 9%
Magic:  5/5        EV:  9    Int:  8    God:
Gold:   128        SH:  4    Dex: 10    Spells: 4/4 levels left

rFire   . . .      SeeInvis .    a - +0 war axe
rCold   . . .      Faith    .    c - +0 buckler
rNeg    . . .      Spirit   .    b - +0 scale mail
rPois   .          Reflect  .    l - +0 helmet
rElec   .          Harm     .    (no cloak)
rCorr   +          Rampage  .    (no gloves)
Will    .....                    (no boots)
Stlth   ..........               (no amulet)
HPRegen 0.27/turn                i - ring of resist corrosion
MPRegen 0.09/turn                (no ring)

@: mighty, hasted, very quick
A: no striking features
a: no special abilities


You were on level 3 of the Dungeon.
You visited 1 branch of the dungeon, and saw 3 of its levels.

You collected 128 gold pieces.

Inventory:

Hand Weapons
 a - a +0 war axe (weapon)
Armour
 b - a +0 scale mail (worn)
 c - a +0 buckler (worn)
 l - a +0 helmet (worn)
Jewellery
 i - a ring of resist corrosion (left hand)
 j - a ring of poison resistance
Potions
 e - a potion of haste
 f - a potion of degeneration {unknown}
 g - a potion of mutation {unknown}
 h - a potion of curing {unknown}


   Skills:
 + Level 4.6 Fighting
 + Level 4.1 Axes
 + Level 4.2 Armour
 + Level 4.1 Shields


You had 4 spell levels left.
You didn't know any spells.
Your spell library contained the following spells:

 Spells                   Type           Power      Damage    Failure   Level
 Manifold Assault         Tloc           0%         N/A       100%        4
 Dispersal                Tloc           0%         N/A       100%        6
 Disjunction              Tloc           0%         N/A       100%        8


Dungeon Overview and Level Annotations

Branches:
Dungeon (3/15)

Altars:
Cheibriados

Annotations:
D:3 3 runed translucent doors


Message History

The orc barely misses you. The orc hits you but does no damage.
The orc completely misses you.
The orc wizard hits you but does no damage.
You closely miss the orc. You hit the orc. You slash the orc wizard!
You kill the orc wizard!
You closely miss something. You closely miss the orc.
You feel less confused. The orc hits you but does no damage.
The orc closely misses you. The orc hits you with a +0 hand axe.
* * * LOW HITPOINT WARNING * * *
Your Axes skill increases to level 4!
You have reached level 5!
You feel stronger.
You closely miss the orc.
The orc is severely wounded.
You hit something. You closely miss the orc. You slash something!
You slash the orc!
You kill the orc!
Something hits you.
* * * LOW HITPOINT WARNING * * *
Deactivating autopickup; reactivate with Ctrl-A.
Something hits you but does no damage. The orc misses you.
The orc hits you with a +0 hand axe.
* * * LOW HITPOINT WARNING * * *
You slash the orc!
You kill the orc!
You miss something. You closely miss the orc. You slash the orc!
You kill the orc!
You closely miss something.
Something hits you but does no damage. x2
You block the orc's attack. The orc barely misses you.
You hear some strange, mumbled words.
A magic dart appears from out of thin air!
The magic dart hits you but does no damage.
Something hits you.
* * * LOW HITPOINT WARNING * * *
It was a potion of haste.
You feel yourself speed up.
You hear some strange, mumbled words.
A magic dart appears from out of thin air!
The magic dart hits you.
You die...

...... #.#..#.# #......
#.....## ..
#.#....##.#....#...#
####....#....#.##.#..>#
##....).†..............#
......){o.....#........#
...#..)@).....#........#
=...................##..
.?............#.....##..
..##.#..................
.......##...........##..
###### #.†.........##..
#..†#.#####.###.
###.....###..##.
###.#...##.##.


You could see an orc.

Vanquished Creatures
  2 orc wizards (D:3)
  A worm (D:2)
  2 dart slugs
  5 orcs (D:3)
  6 ball pythons
  8 endoplasms
  3 giant cockroaches
  3 goblins
  7 hobgoblins
  3 quokkas
  3 bats
  4 frilled lizards
  6 kobolds
  8 rats
61 creatures vanquished.

Notes
Turn   | Place    | Note
-------+----------+-------------------------------------------
     0 | D:1      | p00ps00p the Hill Orc Fighter began the quest for the Orb.
     0 | D:1      | Reached XP level 1. HP: 19/19 MP: 1/1
   142 | D:1      | Reached XP level 2. HP: 25/27 MP: 2/2
   324 | D:1      | Reached XP level 3. HP: 32/32 MP: 3/3
   990 | D:2      | You fall into a shaft and drop 1 floor!
   990 | D:3      | Found a runed translucent gate.
   990 | D:3      | Found a runed translucent gate.
   990 | D:3      | Found a runed translucent gate.
  1036 | D:3      | Found a snail-covered altar of Cheibriados.
  2110 | D:3      | Reached XP level 4. HP: 39/40 MP: 4/4
  2191 | D:3      | Reached XP level 5. HP: 8/47 MP: 5/5
  2192 | D:3      | HP: 1/47 [something (3)]
  2193 | D:3      | Killed from afar by an orc wizard

Illustrated notes

Levels and vault maps discovered:
D:1:      giann_bridges, layout_basic, nrook_campfire,
          corexii_item_surrounded_by_moat
D:2:      layout_basic
D:3:      layout_rooms, marbit_many_paths, gammafunk_ghost_cemetery

Skill      XL: |  1  2  3  4 |
---------------+-------------+-----
Axes           | 3 4 |  4.1
Fighting       | 4 |  4.6
Armour         | 4 |  4.2
Shields        | 4 |  4.1

Action                   |  1- 3 |  4- 6 || total
-------------------------+-------+-------++-------
Melee: War axe           |   120 |    21 ||   141
  Use: Scroll            |     3 |       ||     3
       Potion            |       |     2 ||     2
Armor: Scale mail        |    75 |    21 ||    96
Dodge: Dodged            |    80 |    21 ||   101
Block: Buckler           |    27 |     6 ||    33

Table legend: (Time is in decaauts)
 A = Elapsed time spent in this place.
 B = Non-inter-level travel time spent in this place.
 C = Inter-level travel time spent in this place.
 D = Time resting spent in this place.
 E = Time spent auto-exploring this place.
 F = Levels seen in this place.
 G = Mean time per level.
                   A        B        C        D        E       F      G
               +--------+--------+--------+--------+--------+-----+--------+
         Total |   2245 |   2210 |     35 |    400 |   1297 |   3 |  748.3 |
       Dungeon |   2245 |   2210 |     35 |    400 |   1297 |   3 |  748.3 |
               +--------+--------+--------+--------+--------+-----+--------+

Top non-repeatable levels by time:
     D:2: 1319 daAuts
     D:1: 724 daAuts
     D:3: 201 daAuts
